 Dungeon Crawl Stone Soup version 0.24-a0-584-g9d6b971ae4 (webtiles) character file.

Game seed: 16725812671276907621, levelgen mode: deterministic

3471 Jannitor the Slicer (level 9, -4/47 HPs)
             Began as a Spriggan Abyssal Knight on Aug 29, 2019.
             Was a Plaything of Xom.
             Slain by a thrashing horror (12 damage)
             ... created by the touch of Lugonu
             ... on level 7 of the Dungeon.
             The game lasted 00:18:46 (9141 turns).

Jannitor the Slicer (Spriggan Abyssal Knight)       Turns: 9141, Time: 00:18:47

Health: -4/47      AC:  9    Str: 10    XL:     9   Next: 79%
Magic:  11/11      EV: 23    Int: 14    God:    Xom [.*....]
Gold:   167        SH:  0    Dex: 16    Spells: 8/8 levels left

rFire    . . .     SeeInvis +   d - +5 dagger (venom)
rCold    . . .     Gourm    .   (shield restricted)
rNeg     . . .     Faith    .   b - +1 robe
rPois    .         Spirit   .   (helmet restricted)
rElec    .         Reflect  .   y - +2 cloak
rCorr    .         Harm     .   (gloves unavailable)
MR       ++...                  (boots unavailable)
Stlth    ++........             (no amulet)
HPRegen  0.00/turn              w - ring of protection from magic
MPRegen  0.12/turn              h - +3 ring of protection

@: about to teleport, cleaving, contaminated, glowing, very quick
A: very small, unfitting armour, see invisible, herbivore, speed 3, inhibited
regeneration, slow metabolism 2
a: Renounce Religion


You were on level 7 of the Dungeon.
You worshipped Xom.
You were a plaything of Xom.
You were not hungry.

You visited 2 branches of the dungeon, and saw 10 of its levels.
You visited the Abyss 1 time.

You collected 461 gold pieces.
You spent 294 gold pieces at shops.

Inventory:

Hand Weapons
 a - a +1 short sword
 d - a +5 dagger of venom (weapon)
 i - a +1 dagger of holy wrath
 q - a +3 rapier
Missiles
 j - 47 sling bullets
 k - 4 atropa-tipped darts
 v - 54 poisoned darts (quivered)
 A - a curare-tipped dart
 B - 8 boomerangs
Armour
 b - a +1 robe (worn)
 y - a +2 cloak (worn)
Jewellery
 h - a +3 ring of protection (right hand)
 r - a +3 ring of protection
 u - an uncursed ring of magical power
 w - a ring of protection from magic (left hand)
Wands
 s - a wand of polymorph (14)
 z - a wand of iceblast (7)
 E - a wand of paralysis (4)
Scrolls
 f - 2 scrolls of blinking
 g - 4 scrolls of remove curse
 l - 3 scrolls of teleportation
 m - a scroll of identify
 o - 2 scrolls of noise
 t - a scroll of amnesia {unknown}
 D - a scroll of brand weapon {unknown}
Potions
 e - a potion of flight
 n - 2 potions of resistance
 p - a potion of cancellation
 x - a potion of lignification
 C - a potion of invisibility
Comestibles
 c - 12 rations


   Skills:
 + Level 5.5 Fighting
 * Level 9.5 Short Blades
 + Level 5.6 Throwing
 + Level 7.8 Dodging
 + Level 8.6 Stealth
   Level 1.7 Invocations


You had 8 spell levels left.
You didn't know any spells.
Your spell library contained the following spells:

 Spells                   Type           Power        Failure   Level  Hunger
 Beastly Appendage        Tmut           #.....       28%         1    ##.....
 Sticks to Snakes         Tmut           #.......     41%         2    ###....
 Spider Form              Tmut/Pois      #.........   65%         3    ####...
 Ice Form                 Ice/Tmut       #.......     96%         4    #####..
 Blade Hands              Tmut           #.........   100%        5    ######.


Dungeon Overview and Level Annotations

Branches:
Dungeon (9/15)             Temple (1/1) D:7
   Lair: D:8-11         Orc: D:9-12

Altars:
Ashenzari
Cheibriados
Elyvilon
Fedhas
Gozag
Hepliaklqana
Kikubaaqudgha
Makhleb
Nemelex Xobeh
Okawaru
Ru
Sif Muna
Trog
Uskayaw
Vehumet
Xom
The Shining One

Shops:
D:6 =   D:9 (

Annotations:
D:3 3 runed translucent doors, hemabe's ghost, amateur HuAr
D:7 exclusion: 2 wights
D:9 exclusion: two-headed ogre


Innate Abilities, Weirdness & Mutations

You are very small and have problems with some larger weapons.
You are too small for most types of armour.
You have supernaturally acute eyesight. (SInv)
You are a herbivore.
You cover ground extremely quickly.
You need to consume almost no food.
You do not regenerate when monsters are visible.


Message History

The thrashing horror misses you. The thrashing horror barely misses you.
There is a stone staircase leading down here.
The thrashing horror roars!
The thrashing horror barely misses you. The thrashing horror tramples you.
You stumble backwards!
You stop descending the stairs.
The bullfrog closely misses you.
The thrashing horror tramples you but does no damage.
The thrashing horror completely misses you.
The bullfrog hits you.
A starcursed mass splits.
As you read the scroll of teleportation, it crumbles to dust.
You feel strangely unstable. The thrashing horror tramples you.
You stumble backwards!
A starcursed mass splits.
A chorus of shrieks assaults your mind.
* * * LOW HITPOINT WARNING * * *
The thrashing horror closely misses you.
The thrashing horror misses you. The wight completely misses you.
A starcursed mass splits.
Okay, then.
A starcursed mass splits.
The thrashing horror tramples you!
You die...

######.......##
..#
#...).........#
#.#
#.####.#....#...
## #.#
#...............
..( #.#
######...#####.
.... ###..
.......>..###
.....##....
.####...(...#
...........
#.#.#F#X#
...###.#.. #
###'#.#z.@#
#.#.#
#.##....X....#
#.#..
#......XXX...#
.###...#
###.....XX..#
..........
#....X....#
#...######
#.........#
#........(
#....[....# #
.#######
#.........#
........
#...(.XX..#
..)####.


You could see 7 starcursed masses, a thrashing horror, a bullfrog, a wight and a
friendly +0 spear.

Vanquished Creatures
  An ancient zyme (D:9)
  A slime creature (D:7)
  Edmund (D:6)
  An acid dragon (D:7)
  A water moccasin (D:6)
  A sky beast (D:7)
  A black bear (D:7)
  2 orc warriors (D:8)
  2 ogres
  A small abomination (D:8)
  6 centaurs
  6 bullfrogs
  A gnoll sergeant (D:6)
  A scorpion (D:8)
  A water moccasin skeleton (D:6)
  6 killer bees (D:8)
  A wight (D:7)
  A howler monkey (D:8)
  2 crimson imps (D:7)
  A bullfrog zombie (D:5)
  A quasit (D:9)
  Crazy Yiuf (D:4)
  2 orc priests (D:8)
  6 hounds
  2 jellies
  3 orc wizards
  A bullfrog skeleton (D:5)
  2 iguanas
  4 worker ants
  2 hound skeletons
  9 gnolls
  9 adders
  A shadow imp (D:7)
  An adder zombie (D:6)
  2 worms
  A dart slug (D:1)
  5 leopard geckos
  15 orcs
  9 bats
  5 giant cockroaches
  10 goblins
  7 hobgoblins
  12 jackals
  4 quokkas
  3 ball pythons
  5 frilled lizards
  A jackal skeleton (D:4)
  4 kobolds
  A quokka skeleton (D:6)
  A quokka zombie (D:6)
  5 rats
172 creatures vanquished.

Vanquished Creatures (collateral kills)
  A wight (D:7)
1 creature vanquished.

Vanquished Creatures (others)
  A wight (D:7)
1 creature vanquished.

Grand Total: 174 creatures vanquished

Notes
Turn   | Place    | Note
-------+----------+-------------------------------------------
     0 | Abyss:1  | Jannitor the Spriggan Abyssal Knight began the quest for
                  | the Orb.
     0 | Abyss:1  | Reached XP level 1. HP: 11/11 MP: 3/3
   118 | Abyss:1  | Noticed a large abomination
   136 | Abyss:1  | Noticed a small abomination
   146 | Abyss:1  | Noticed an ancient zyme
   149 | Abyss:1  | Noticed a small abomination
   159 | Abyss:1  | Noticed an angel
   174 | Abyss:1  | Noticed a ynoxinul
   180 | Abyss:1  | Noticed a tentacled starspawn
   186 | Abyss:1  | Noticed an ancient zyme
   200 | Abyss:1  | Noticed an ancient zyme
   210 | Abyss:1  | Noticed a hellwing
   215 | Abyss:1  | Noticed a small abomination
   221 | Abyss:2  | Noticed a wretched star
   248 | Abyss:2  | Noticed a thrashing horror
   255 | Abyss:2  | Noticed a hellephant
   256 | D:1      | Escaped the Abyss
   839 | D:1      | Reached XP level 2. HP: 16/16 MP: 4/4
   895 | D:1      | Reached * piety under Lugonu
   944 | D:1      | Reached skill level 3 in Short Blades
  1264 | D:2      | Reached skill level 1 in Stealth
  1264 | D:2      | Reached XP level 3. HP: 14/19 MP: 5/5
  1772 | D:2      | Found a faded altar of an unknown god.
  1886 | D:2      | Found a hazy altar of Hepliaklqana.
  1893 | D:2      | Found an ancient bone altar of Kikubaaqudgha.
  1894 | D:2      | Found a radiant altar of Vehumet.
  1895 | D:2      | Found a snail-covered altar of Cheibriados.
  1896 | D:2      | Found a shimmering blue altar of Sif Muna.
  1929 | D:2      | Reached skill level 1 in Throwing
  1929 | D:2      | Reached XP level 4. HP: 23/23 MP: 6/6
  2122 | D:2      | Reached ** piety under Lugonu
  2558 | D:3      | Reached skill level 4 in Short Blades
  2977 | D:3      | Found a runed translucent gate.
  2977 | D:3      | Found a runed translucent gate.
  2978 | D:3      | Found a runed translucent gate.
  2978 | D:3      | Noticed hemabe's ghost (amateur HuAr)
  3181 | D:4      | Reached XP level 5. HP: 19/28 MP: 7/7
  3452 | D:4      | Noticed an ogre
  3519 | D:4      | Killed an ogre
  3519 | D:4      | Reached XP level 6. HP: 28/32 MP: 8/8
  3787 | D:4      | Found a runed translucent door.
  3790 | D:4      | Noticed Crazy Yiuf
  3814 | D:4      | Killed Crazy Yiuf
  3814 | D:4      | Reached skill level 5 in Short Blades
  4050 | D:5      | Entered Level 5 of the Dungeon
  4385 | D:5      | Reached XP level 7. HP: 27/37 MP: 9/9
  4863 | D:5      | Reached skill level 6 in Short Blades
  4863 | D:5      | Reached skill level 5 in Stealth
  5540 | D:6      | Reached *** piety under Lugonu
  5570 | D:6      | Noticed Edmund
  5883 | D:6      | Reached XP level 8. HP: 39/42 MP: 10/10
  5888 | D:6      | Found Debolomidu's Jewellery Shoppe.
  5894 | D:6      | Bought a +3 ring of protection for 294 gold pieces
  5924 | D:6      | Reached skill level 5 in Dodging
  5998 | D:6      | Reached skill level 7 in Short Blades
  6094 | D:6      | Killed Edmund
  6195 | D:6      | Found a white marble altar of Elyvilon.
  6807 | D:7      | Found a staircase to the Ecumenical Temple.
  6819 | Temple   | Entered the Ecumenical Temple
  6832 | Temple   | Fell from the grace of Lugonu
  6832 | Temple   | Became a worshipper of Xom of Chaos
  6887 | D:7      | XOM: silly message
  6950 | D:7      | Reached skill level 8 in Short Blades
  6993 | D:7      | XOM: harmless Summ miscast
  7014 | D:7      | Found a runed translucent door.
  7014 | D:7      | Found a runed translucent door.
  7166 | D:7      | XOM: harmless Air miscast
  7210 | D:7      | Noticed a slime creature
  7240 | D:7      | XOM: potion effect (agility)
  7244 | D:7      | Killed a slime creature
  7244 | D:7      | Reached XP level 9. HP: 46/46 MP: 11/11
  7272 | D:7      | XOM: divination: magic mapping
  7288 | D:7      | Noticed a thrashing horror
  7429 | D:8      | Reached skill level 5 in Fighting
  7434 | D:8      | XOM: silly message
  7587 | D:8      | Found an iron altar of Okawaru.
  7796 | D:8      | XOM: butterfly on damage
  7797 | D:8      | XOM: harmless Conj miscast
  7970 | D:8      | Reached skill level 5 in Throwing
  8249 | D:9      | Found Heuraomew's Antique Weapon Shop.
  8264 | D:9      | Noticed a two-headed ogre
  8304 | D:9      | Reached skill level 9 in Short Blades
  8311 | D:9      | Noticed an ancient zyme
  8312 | D:9      | XOM: cast spell 'Metabolic Englaciation'
  8374 | D:8      | XOM: silly message
  8381 | D:8      | XOM: give mutation
  8381 | D:8      | Gained mutation: You do not regenerate when monsters are
                  | visible. [Xom's mischief]
  8412 | D:8      | XOM: enchant monster (bad)
  8491 | D:8      | XOM: torment (14/47 hp)
  8529 | D:8      | Noticed a thrashing horror
  8529 | D:8      | Noticed a thrashing horror
  8700 | D:9      | XOM: 2-stop teleportation journey
  8721 | D:9      | XOM: enchant monster (bad)
  8731 | D:9      | XOM: butterfly on damage
  8733 | D:9      | Killed an ancient zyme
  8766 | D:9      | Noticed an ancient zyme
  8773 | D:8      | XOM: 1-stop teleportation journey
  8826 | D:8      | XOM: blink monster(s)
  8862 | D:8      | XOM: cast spell 'Ring of Flames'
  9113 | D:7      | XOM: cleaving
  9124 | D:7      | Noticed a thrashing horror
  9124 | D:7      | Noticed a starcursed mass
  9141 | D:7      | Slain by a thrashing horror

Levels and vault maps discovered:
D:1:      evilmike_arrival_plus, layout_basic, minmay_pentomino_v2
D:2:      layout_rooms, minitemple, chequers_ecumenical_altar_simple_redux
D:3:      layout_basic, gammafunk_ghost_necromancy
D:4:      layout_rooms, uniq_crazy_yiuf_cottage
D:5:      layout_basic, first_ration
D:6:      layout_gridville, lemuel_crystal_altar, serial_shops, shop,
          uniq_edmund
D:7:      minmay_the_grid_triangle_9x9_rhombus_full
          [minmay_the_grid_triangle_9x9_dagger,
          minmay_the_grid_triangle_9x9_tough_junction,
          minmay_the_grid_triangle_9x9_warning,
          minmay_the_grid_triangle_9x9_corruption,
          minmay_the_grid_triangle_9x9_empty,
          minmay_the_grid_triangle_9x9_minimal,
          minmay_the_grid_triangle_9x9_descending_squares,
          minmay_the_grid_triangle_9x9_prize_schism], layout_basic,
          nicolae_dithmenos_through_a_glass_darkly,
          minmay_temple_entry_statues_fountains
D:8:      layout_loops_corners, okawaru_metal_pillars_3,
          hangedman_little_slice_of_home
D:9:      layout_roguey, david_lair_shrubbed, serial_shops, nicolae_shop_crystal
Temple:   eino_temple_lava

Skill      XL: |  1  2  3  4  5  6  7  8  9 |
---------------+----------------------------+-----
Short Blades   | 3 4 5 6 8 9 |  9.5
Stealth        | 1 2 3 4 5 7 8 |  8.6
Throwing       | 1 2 3 4 5 |  5.6
Fighting       | 3 4 5 |  5.5
Dodging        | 4 6 7 |  7.8
Invocations    | |  1.7

Action                   |  1- 3 |  4- 6 |  7- 9 || total
-------------------------+-------+-------+-------++-------
Melee: Dagger            |   114 |   160 |   420 ||   694
Throw: Dart              |       |     8 |     6 ||    14
Invok: Depart the Abyss  |     1 |       |       ||     1
       Banish            |       |       |     1 ||     1
  Use: Potion            |     1 |       |     5 ||     6
       Scroll            |       |       |    22 ||    22
 Stab: Sleeping          |     2 |     5 |    20 ||    27
       Distracted        |       |     1 |     1 ||     2
       Invisible         |       |       |     3 ||     3
  Eat: Ration            |       |       |     4 ||     4
Armor: Robe              |    10 |    16 |    43 ||    69
Dodge: Dodged            |    88 |   118 |   313 ||   519

Table legend:
 A = Non-vault XP
 B = Vault XP
 C = Vault XP percentage of total XP
 D = Non-vault monster count
 E = Vault monster count
 F = Vault count percentage of total count
                 A         B        C        D         E       F
            +---------+---------+-------+---------+---------+-------
      Total |    3946 |    1013 |  20.4 |     161 |      11 |   6.4
            +---------+---------+-------+---------+---------+-------
        D:1 |      29 |       2 |   6.5 |      16 |       1 |   5.9
        D:2 |      87 |       0 |   0.0 |      22 |       0 |   0.0
        D:3 |      70 |       0 |   0.0 |      20 |       0 |   0.0
        D:4 |     228 |      41 |  15.2 |       8 |       1 |  11.1
        D:5 |     670 |       0 |   0.0 |      22 |       0 |   0.0
        D:6 |     606 |     158 |  20.7 |      21 |       1 |   4.5
        D:7 |     624 |     812 |  56.5 |      17 |       8 |  32.0
        D:8 |    1253 |       0 |   0.0 |      30 |       0 |   0.0
        D:9 |     379 |       0 |   0.0 |       5 |       0 |   0.0
            +---------+---------+-------+---------+---------+-------
